[Event "RUS-ch Men Blitz 2019"]
[Site "Sochi"]
[Date "2019.10.17"]
[Round "8.19"]
[White "Shubin, Kirill"]
[Black "Sadovsky, Artem"]
[Result "0-1"]
[ECO "B06"]
[WhiteElo "2416"]
[BlackElo "2411"]
[Annotator "NA"]
[PlyCount "120"]
[EventDate "2019.10.17"]
[EventType "swiss"]
[EventCountry "RUS"]
[SourceTitle "playchess.com"]
[Source "ChessBase"]
[SourceQuality "1"]
[TimeControl "180+2"]

1. e4 g6 2. d4 Bg7 3. Nf3 d6 4. Nc3 e5 5. dxe5 dxe5 6. Qxd8+ Kxd8 7. Bc4 f6 8. Be3 Nd7 9. O-O-O Bh6 10. Bxh6 Nxh6 11. Rd2 c6 12. Rhd1 Kc7 13. a4 a5 14. Rd6 Nb6 15. Be6 Rf8 16. Bxc8 Raxc8 17. b3 Nd5 18. Nb5+ cxb5 19. R1xd5 bxa4 20. Rd7+ Kb8 21. Rxh7 axb3 22. Rdd7 Rxc2+ 23. Kb1 Nf7 24. Rhxf7 Rxf7 25. Rxf7 a4 26. Rd7 a3 27. Rd1 Rxf2 28. Nd2 Rxg2 29. Ka1 b2+ 30. Ka2 Rxh2 31. Nc4 Re2 32. Nxa3 Rxe4 33. Nb5 b1=Q+ 34. Rxb1 Re2+ 35. Kb3 Rf2 36. Kc4 e4 37. Kc5 Rc2+ 38. Kd4 f5 39. Rg1 Rc6 40. Nc3 Re6 41. Nd5 Rc6 42. Nf4 b5 43. Nxg6 Rc4+ 44. Kd5 e3 45. Ne5 Re4 46. Nd3 e2 47. Re1 b4 48. Rb1 Kc7 49. Re1 b3 50. Rb1 Re3 51. Kd4 f4 52. Nxf4 e1=Q 53. Rxe1 Rxe1 54. Kc3 Re3+ 55. Kb2 Kc6 56. Ka3 Kc5 57. Kb2 Kc4 58. Kb1 Rf3 59. Ne2 Rf2 60. Nc1 Kc3 0-1

[Event "RUS-ch Men Blitz 2019"]
[Site "Sochi"]
[Date "2019.10.17"]
[Round "8.21"]
[White "Savchenko, Boris"]
[Black "Smagin, Sergey"]
[Result "1-0"]
[ECO "C37"]
[WhiteElo "2581"]
[BlackElo "2551"]
[Annotator "RC"]
[PlyCount "39"]
[EventDate "2019.10.17"]
[EventType "swiss"]
[EventCountry "RUS"]
[SourceTitle "playchess.com"]
[Source "ChessBase"]
[SourceQuality "1"]
[TimeControl "180+2"]

1. e4 e5 2. f4 exf4 3. Nf3 g5 4. Nc3 Bg7 5. d4 Nc6 6. Bc4 h6 7. g3 d6 8. gxf4 g4 9. Rg1 Nge7 10. f5 h5 11. Be3 Na5 12. Bd3 d5 13. Qd2 dxe4 14. Nxe4 Nxf5 15. Bg5 Qd5 16. Bf6 Nc4 17. Qf4 O-O 18. Bxg7 Kxg7 19. Qg5+ Kh8 20. Qxh5+ 1-0

[Event "RUS-ch Men Blitz 2019"]
[Site "Sochi"]
[Date "2019.10.17"]
[Round "8.22"]
[White "Pogromsky, Mikhail"]
[Black "Gutenev, Alexander"]
[Result "0-1"]
[ECO "A05"]
[WhiteElo "2411"]
[BlackElo "2469"]
[Annotator "ChessBase"]
[PlyCount "98"]
[EventDate "2019.10.17"]
[EventType "swiss"]
[EventCountry "RUS"]
[SourceTitle "playchess.com"]
[Source "ChessBase"]
[SourceQuality "1"]
[TimeControl "180+2"]

1. Nf3 Nf6 2. b3 b6 3. g3 g6 4. Bb2 Bg7 5. Bg2 Bb7 6. c4 O-O 7. O-O e6 8. d4 d5 9. Ne5 Na6 10. Nc3 Qe7 11. Rc1 Rfd8 12. cxd5 exd5 13. e3 c6 14. Nb1 Rac8 15. Bh3 Rc7 16. Ba3 c5 17. Nc3 Qe8 18. Qe2 cxd4 19. exd4 Ne4 20. Nb5 Rxc1 21. Rxc1 Bxe5 22. dxe5 Nac5 23. Nd4 Qxe5 24. Bb2 Qg5 25. Re1 Ba6 26. Qe3 Nd3 27. Re2 Ndxf2 28. Bf1 Bxe2 29. Qxe2 Ng4 30. Nc2 Qf5 31. Bd4 Ng5 32. Bg2 f6 33. Nb4 Ne5 34. Bxd5+ Rxd5 35. Nxd5 Nef3+ 36. Kg2 Qxd5 37. Qe8+ Kg7 38. Qe7+ Kg8 39. Qe8+ Kg7 40. Qe7+ Nf7 41. Bxf6+ Kh6 42. g4 N3g5+ 43. Kf2 Ne4+ 44. Kf1 Qd1+ 45. Kg2 Qe2+ 46. Kh3 Qf3+ 47. Kh4 Qf2+ 48. Kh3 Neg5+ 49. Bxg5+ Nxg5+ 0-1

[Event "RUS-ch Men Blitz 2019"]
[Site "Sochi"]
[Date "2019.10.17"]
[Round "9.1"]
[White "Shimanov, Aleksandr"]
[Black "Drygalov, Andrey"]
[Result "1/2-1/2"]
[ECO "B23"]
[WhiteElo "2587"]
[BlackElo "2484"]
[Annotator "ChessBase"]
[PlyCount "112"]
[EventDate "2019.10.17"]
[EventType "swiss"]
[EventCountry "RUS"]
[SourceTitle "playchess.com"]
[Source "ChessBase"]
[SourceQuality "1"]
[TimeControl "180+2"]

1. e4 c5 2. Nc3 d6 3. Bb5+ Bd7 4. Bxd7+ Nxd7 5. f4 Ngf6 6. Nf3 g6 7. Qe2 Bg7 8. e5 dxe5 9. fxe5 Ng4 10. e6 Nde5 11. h3 Nxf3+ 12. Qxf3 Ne5 13. exf7+ Nxf7 14. Qxb7 O-O 15. d3 Bd4 16. Qe4 Rb8 17. Nd1 Qd6 18. Bf4 Ne5 19. Rf1 g5 20. Bxe5 Bxe5 21. Rxf8+ Rxf8 22. c3 Bg3+ 23. Kd2 Rf1 24. Kc2 Kg7 25. Rc1 e6 26. Ne3 Rxc1+ 27. Kxc1 Bf4 28. Kc2 h5 29. Nc4 Qc7 30. Qxe6 Qb7 31. Qe4 Qd7 32. b3 h4 33. Nd2 Bxd2 34. Kxd2 Qd6 35. Qf5 Qg3 36. Qf3 Qe5 37. Qe3 Qf5 38. d4 cxd4 39. Qxd4+ Kh6 40. Qxa7 Qd5+ 41. Kc1 Qxg2 42. Qe3 Kg6 43. Qe6+ Kg7 44. Qe7+ Kg6 45. Qe6+ Kg7 46. b4 g4 47. Qe7+ Kg6 48. Qe6+ Kg7 49. Qe5+ Kg6 50. Qe6+ Kg7 51. Qe5+ Kg6 52. Qe6+ Kg7 53. Qe7+ Kg6 54. Qe8+ Kg7 55. Qd7+ Kg6 56. Qe6+ Kg7 1/2-1/2

[Event "RUS-ch Men Blitz 2019"]
[Site "Sochi"]
[Date "2019.10.17"]
[Round "9.4"]
[White "Khegay, Dmitriy"]
[Black "Lysyj, Igor"]
[Result "0-1"]
[ECO "C54"]
[WhiteElo "2509"]
[BlackElo "2596"]
[Annotator "ChessBase"]
[PlyCount "92"]
[EventDate "2019.10.17"]
[EventType "swiss"]
[EventCountry "RUS"]
[SourceTitle "playchess.com"]
[Source "ChessBase"]
[SourceQuality "1"]
[TimeControl "180+2"]

1. e4 e5 2. Nf3 Nc6 3. Bc4 Bc5 4. c3 Nf6 5. d3 a6 6. Bb3 d6 7. Nbd2 O-O 8. Nf1 Ba7 9. Ng3 Be6 10. Bc2 h6 11. O-O d5 12. exd5 Bxd5 13. h3 Qd7 14. Re1 Rfe8 15. b4 Rad8 16. a4 b5 17. Nh4 Bb6 18. Nhf5 Ne7 19. Rxe5 Nxf5 20. Rxf5 Qc6 21. Bd2 Bxg2 22. Kh2 Bd5 23. d4 Re6 24. Qg1 Kh8 25. Bd3 Rde8 26. Re1 Rxe1 27. Bxe1 Re6 28. Bd2 Qd7 29. Qc1 Ne4 30. Rxd5 Qxd5 31. Nxe4 Rxe4 32. Bxe4 Qxe4 33. Bf4 c6 34. Be5 Kh7 35. Qg1 f6 36. Bg3 Bd8 37. Qc1 Be7 38. Qd2 Bf8 39. Qc1 g5 40. Qd2 Kg6 41. Kg1 h5 42. h4 gxh4 43. Bf4 h3 44. f3 Qxf3 45. Kh2 Qg2+ 46. Qxg2+ hxg2 0-1

[Event "RUS-ch Men Blitz 2019"]
[Site "Sochi"]
[Date "2019.10.17"]
[Round "9.6"]
[White "Rozum, Ivan"]
[Black "Tsydypov, Zhamsaran"]
[Result "1/2-1/2"]
[ECO "A05"]
[WhiteElo "2599"]
[BlackElo "2553"]
[Annotator "ChessBase"]
[PlyCount "71"]
[EventDate "2019.10.17"]
[EventType "swiss"]
[EventCountry "RUS"]
[SourceTitle "playchess.com"]
[Source "ChessBase"]
[SourceQuality "1"]
[TimeControl "180+2"]

1. Nf3 Nf6 2. g3 g6 3. b3 Bg7 4. Bb2 d6 5. d4 O-O 6. Bg2 a6 7. a4 c5 8. c4 Nfd7 9. O-O Nc6 10. e3 cxd4 11. exd4 e5 12. Na3 e4 13. Nd2 f5 14. Nc2 Qb6 15. Rb1 Nf6 16. Kh1 Re8 17. Ba1 d5 18. Ne3 Be6 19. cxd5 Nxd5 20. Ndc4 Qa7 21. Nxd5 Bxd5 22. Ne3 Rad8 23. Nxd5 Rxd5 24. Qc2 Nxd4 25. Qc4 Qc5 26. Bxd4 Bxd4 27. Rfd1 Red8 28. f3 b5 29. axb5 axb5 30. Qxc5 Bxc5 31. Rxd5 Rxd5 32. fxe4 fxe4 33. Bxe4 Re5 34. Bd3 Be7 35. Kg2 b4 36. Bc4+ 1/2-1/2

[Event "RUS-ch Men Blitz 2019"]
[Site "Sochi"]
[Date "2019.10.17"]
[Round "9.7"]
[White "Golubov, Saveliy"]
[Black "Nesterov, Arseniy"]
[Result "1/2-1/2"]
[ECO "D02"]
[WhiteElo "2469"]
[BlackElo "2484"]
[Annotator "ChessBase"]
[PlyCount "144"]
[EventDate "2019.10.17"]
[EventType "swiss"]
[EventCountry "RUS"]
[SourceTitle "playchess.com"]
[Source "ChessBase"]
[SourceQuality "1"]
[TimeControl "180+2"]

1. d4 d5 2. Nf3 Nf6 3. c3 e6 4. Bf4 Bd6 5. Bg3 Ne4 6. Nbd2 Nxg3 7. hxg3 h6 8. e4 c5 9. Bb5+ Nc6 10. exd5 exd5 11. O-O O-O 12. dxc5 Bxc5 13. Nb3 Bb6 14. a4 a6 15. Bxc6 bxc6 16. a5 Ba7 17. Nbd4 Qd6 18. Nh4 g6 19. Qd2 c5 20. Nc2 Kh7 21. Rad1 Be6 22. Nf3 Rfd8 23. b4 Rac8 24. bxc5 Qxc5 25. Ncd4 Qxc3 26. Qf4 Qc7 27. Qf6 Re8 28. Ne5 Bxd4 29. Rxd4 Qe7 30. Qf3 Rc5 31. Rfd1 Rec8 32. Qe3 Qg5 33. f4 Qf6 34. R4d2 Rxa5 35. Qd4 Rac5 36. Ra2 Rc1 37. Rxa6 Rxd1+ 38. Qxd1 Qf5 39. Ra2 Qe4 40. Re2 Qb4 41. Rd2 Qc5+ 42. Kh2 Qc1 43. Qe2 Qb1 44. Rb2 Qe4 45. Qd2 d4 46. Rb4 Rc2 47. Rxd4 Rxd2 48. Rxe4 Bd5 49. Re1 Rxg2+ 50. Kh3 Rd2 51. g4 Be6 52. Kg3 Kg7 53. Re3 Rb2 54. Rd3 Kf6 55. Nf3 Rb1 56. g5+ hxg5 57. fxg5+ Kg7 58. Rd4 Rb3 59. Kf4 Rb5 60. Ne5 Rb1 61. Nf3 Rf1 62. Ke3 Bc8 63. Rb4 Bd7 64. Rc4 Bb5 65. Rc5 Ba4 66. Rc7 Bd1 67. Nd4 Bg4 68. Ke4 Bh3 69. Ra7 Rf2 70. Ke3 Rf1 71. Nf3 Bg4 72. Nd4 Bh3 1/2-1/2

[Event "RUS-ch Men Blitz 2019"]
[Site "Sochi"]
[Date "2019.10.17"]
[Round "9.8"]
[White "Triapishko, Alexandr"]
[Black "Nozdrachev, Vladislav"]
[Result "1/2-1/2"]
[ECO "A05"]
[WhiteElo "2514"]
[BlackElo "2494"]
[Annotator "ChessBase"]
[PlyCount "95"]
[EventDate "2019.10.17"]
[EventType "swiss"]
[EventCountry "RUS"]
[SourceTitle "playchess.com"]
[Source "ChessBase"]
[SourceQuality "1"]
[TimeControl "180+2"]

1. Nf3 Nf6 2. g3 d5 3. Bg2 e6 4. O-O Be7 5. b3 O-O 6. Bb2 b6 7. c4 Bb7 8. e3 c5 9. Nc3 Nbd7 10. cxd5 Nxd5 11. Nxd5 Bxd5 12. d4 Qc8 13. Qe2 Qb7 14. Rfe1 Nf6 15. dxc5 bxc5 16. Bxf6 Bxf6 17. Rac1 Qb6 18. Nd2 a5 19. Nc4 Qa6 20. Nd2 Qa7 21. e4 Bb7 22. e5 Be7 23. Bxb7 Qxb7 24. Qe4 Qb4 25. Qxb4 axb4 26. Rc2 Rfd8 27. Nc4 g5 28. Kg2 Kg7 29. h3 Ra7 30. Kf3 Rd5 31. Ree2 Kg6 32. Kg2 h5 33. Kf3 Bf8 34. Kg2 Bg7 35. f4 gxf4 36. gxf4 Rd4 37. Kf3 Bh6 38. Re4 Rad7 39. Nd6 Rxe4 40. Kxe4 f5+ 41. Ke3 Bf8 42. Rxc5 Bxd6 43. exd6 Rxd6 44. Rb5 Ra6 45. Rxb4 Rxa2 46. Kf3 Rc2 47. h4 Rc3+ 48. Kg2 1/2-1/2

[Event "RUS-ch Men Blitz 2019"]
[Site "Sochi"]
[Date "2019.10.17"]
[Round "9.10"]
[White "Bocharov, Dmitry"]
[Black "Gubsky, Egor"]
[Result "1-0"]
[ECO "A05"]
[WhiteElo "2519"]
[BlackElo "2339"]
[Annotator "ChessBase"]
[PlyCount "55"]
[EventDate "2019.10.17"]
[EventType "swiss"]
[EventCountry "RUS"]
[SourceTitle "playchess.com"]
[Source "ChessBase"]
[SourceQuality "1"]
[TimeControl "180+2"]

1. Nf3 Nf6 2. g3 b6 3. Bg2 Bb7 4. O-O e6 5. c4 Be7 6. Nc3 O-O 7. Re1 c5 8. e4 d6 9. d4 cxd4 10. Nxd4 Qc8 11. Be3 a6 12. Rc1 Nbd7 13. f4 Re8 14. Bf2 Bf8 15. e5 Bxg2 16. Kxg2 dxe5 17. fxe5 Qxc4 18. exf6 Nxf6 19. Qf3 Rad8 20. Ne4 Qxa2 21. Nc6 Nxe4 22. Nxd8 Ng5 23. Qd3 Qxb2 24. h4 Nh3 25. Kxh3 Qxf2 26. Rf1 Qb2 27. Nxf7 Be7 28. Qd7 1-0

[Event "RUS-ch Men Blitz 2019"]
[Site "Sochi"]
[Date "2019.10.17"]
[Round "9.11"]
[White "Sadovsky, Artem"]
[Black "Pridorozhni, Aleksei"]
[Result "0-1"]
[ECO "A13"]
[WhiteElo "2411"]
[BlackElo "2599"]
[Annotator "ChessBase"]
[PlyCount "157"]
[EventDate "2019.10.17"]
[EventType "swiss"]
[EventCountry "RUS"]
[SourceTitle "playchess.com"]
[Source "ChessBase"]
[SourceQuality "1"]
[TimeControl "180+2"]

1. c4 e6 2. Nf3 d5 3. g3 Nf6 4. Bg2 dxc4 5. Qa4+ Bd7 6. Qxc4 Bc6 7. O-O Nbd7 8. d3 Bd6 9. b3 O-O 10. Qc2 Ne5 11. Nxe5 Bxe5 12. Bb2 Bxb2 13. Qxb2 Bxg2 14. Kxg2 Re8 15. Qe5 Qd5+ 16. Qxd5 exd5 17. e3 a5 18. Rc1 c6 19. Nd2 Red8 20. Nf3 Ne8 21. Nd4 Nc7 22. Rc2 Ne6 23. Nxe6 fxe6 24. d4 Kf7 25. Rac1 Ke7 26. a3 Ra6 27. Kf3 Kd6 28. Ke2 e5 29. dxe5+ Kxe5 30. Rc5 Kd6 31. Kd3 Rb6 32. R5c3 Rc8 33. e4 Rb5 34. exd5 Rxd5+ 35. Ke2 Re8+ 36. Re3 Rxe3+ 37. Kxe3 b5 38. f4 c5 39. g4 Rd4 40. h3 Kd5 41. f5 a4 42. bxa4 Rxa4 43. Rd1+ Ke5 44. Rd3 c4 45. Rc3 Ra6 46. h4 h5 47. gxh5 Kxf5 48. Kd4 Rd6+ 49. Kc5 Rd3 50. Rc1 Rb3 51. a4 bxa4 52. Kxc4 Rh3 53. Rf1+ Ke5 54. Re1+ Kf6 55. Re4 a3 56. Kd5 a2 57. Ra4 Rh2 58. Rf4+ Ke7 59. Ra4 Re2 60. Ra6 Kf7 61. Kd4 Kg8 62. Kd3 Rh2 63. Ke3 Kf7 64. Kf3 Ke7 65. Kg4 Rg2+ 66. Kf3 Rc2 67. Kg4 Kd7 68. Kg5 Rg2+ 69. Kf5 Kc7 70. Ra3 Kc6 71. Ra8 Kc5 72. Rc8+ Kb4 73. Rb8+ Kc3 74. Rc8+ Kb2 75. Rb8+ Kc1 76. Ra8 Kb1 77. Rb8+ Rb2 78. Ra8 Rb6 79. Ra7 0-1

[Event "RUS-ch Men Blitz 2019"]
[Site "Sochi"]
[Date "2019.10.17"]
[Round "9.12"]
[White "Timofeev, Artyom"]
[Black "Savitskiy, Sergey"]
[Result "1-0"]
[ECO "A15"]
[WhiteElo "2595"]
[BlackElo "2407"]
[Annotator "ChessBase"]
[PlyCount "75"]
[EventDate "2019.10.17"]
[EventType "swiss"]
[EventCountry "RUS"]
[SourceTitle "playchess.com"]
[Source "ChessBase"]
[SourceQuality "1"]
[TimeControl "180+2"]

1. c4 Nf6 2. e3 g6 3. Be2 Bg7 4. h4 h5 5. Nc3 O-O 6. Nf3 c6 7. b3 d5 8. Bb2 Bg4 9. cxd5 cxd5 10. Ng5 Bxe2 11. Nxe2 Nc6 12. O-O e5 13. Rc1 Nh7 14. Nxh7 Kxh7 15. g3 Qd7 16. Kh2 Rae8 17. Ng1 Bh6 18. Nh3 f6 19. b4 Nxb4 20. Ba3 a5 21. Bxb4 axb4 22. Qb3 g5 23. Qxb4 g4 24. Ng1 Rf7 25. Ne2 Bf8 26. Qb1+ Kg7 27. d4 Bd6 28. Rcd1 Bb8 29. dxe5 fxe5 30. Qb3 Ref8 31. Kg1 d4 32. exd4 e4 33. d5 Be5 34. d6 Rf3 35. Qd5 Re8 36. Nd4 Rf6 37. Qb5 Rd8 38. Qxe5 1-0

[Event "RUS-ch Men Blitz 2019"]
[Site "Sochi"]
[Date "2019.10.17"]
[Round "9.13"]
[White "Gutenev, Alexander"]
[Black "Kokarev, Dmitry"]
[Result "1-0"]
[ECO "B90"]
[WhiteElo "2469"]
[BlackElo "2593"]
[Annotator "ChessBase"]
[PlyCount "85"]
[EventDate "2019.10.17"]
[EventType "swiss"]
[EventCountry "RUS"]
[SourceTitle "playchess.com"]
[Source "ChessBase"]
[SourceQuality "1"]
[TimeControl "180+2"]

1. e4 c5 2. Nf3 d6 3. d4 Nf6 4. Nc3 cxd4 5. Nxd4 a6 6. h3 e5 7. Nb3 Be6 8. f4 g6 9. Qf3 Nc6 10. Be3 exf4 11. Bxf4 Ne5 12. Qf2 Nh5 13. Bh2 Bh6 14. Be2 O-O 15. Bxh5 gxh5 16. O-O Nc4 17. Kh1 Nxb2 18. Nd4 Nc4 19. Nd5 Kh8 20. Nf5 Bxf5 21. exf5 Re8 22. Qd4+ Ne5 23. Rae1 f6 24. Qh4 Bg7 25. Nf4 Rc8 26. Ne6 Qd7 27. Qxh5 Rxc2 28. Rf4 Qf7 29. Qd1 Rec8 30. Rh4 b5 31. Qxd6 Rc1 32. Rhe4 Rxe1+ 33. Rxe1 Kg8 34. Qxa6 Qd7 35. Bxe5 fxe5 36. Nxg7 Kxg7 37. Re3 Qxf5 38. Qb7+ Kh8 39. Rf3 Qe6 40. Rf7 Rc1+ 41. Kh2 Kg8 42. Rg7+ Kf8 43. Rxh7 1-0

[Event "RUS-ch Men Blitz 2019"]
[Site "Sochi"]
[Date "2019.10.17"]
[Round "9.14"]
[White "Bryakin, Mikhail"]
[Black "Savchenko, Boris"]
[Result "0-1"]
[ECO "A41"]
[WhiteElo "2440"]
[BlackElo "2581"]
[Annotator "ChessBase"]
[PlyCount "128"]
[EventDate "2019.10.17"]
[EventType "swiss"]
[EventCountry "RUS"]
[SourceTitle "playchess.com"]
[Source "ChessBase"]
[SourceQuality "1"]
[TimeControl "180+2"]

1. d4 d6 2. Nf3 Nd7 3. c4 e5 4. Nc3 Ngf6 5. d5 g6 6. e4 Nc5 7. Bd3 Nxd3+ 8. Qxd3 c6 9. h3 a6 10. O-O cxd5 11. cxd5 b5 12. b4 Bd7 13. Be3 Be7 14. Rfc1 O-O 15. a4 bxa4 16. Nxa4 Bb5 17. Qb1 Qb8 18. Nb6 Ra7 19. Nc8 Rb7 20. Nxe7+ Rxe7 21. Bg5 Kg7 22. Qc2 h6 23. Bxf6+ Kxf6 24. Nd2 Ree8 25. Nb3 Rc8 26. Qd2 Kg7 27. Na5 Qb6 28. Nb3 Rxc1+ 29. Rxc1 f5 30. exf5 gxf5 31. Rc3 f4 32. Qc2 Rf7 33. Qe4 Bd7 34. Qc4 Kf6 35. Nd2 Bf5 36. Ne4+ Kg7 37. Nd2 Rb7 38. Qc6 Kf6 39. Nc4 Qxb4 40. Nxd6 Rb6 41. Ne8+ Ke7 42. Qc7+ Bd7 43. d6+ Kxe8 44. Rc5 Qb1+ 45. Kh2 Qb2 46. Qa7 Rb8 47. Rc7 Rd8 48. Qc5 Qd4 49. Qc2 e4 50. Qa2 Kf8 51. Qa5 Qxd6 52. Rc5 Be6 53. Rh5 f3+ 54. g3 Bf7 55. Rf5 Re8 56. Qc3 Kg8 57. Rf4 Qe5 58. Rg4+ Kh7 59. Qc6 Re7 60. Rf4 Bg6 61. Rf6 Rg7 62. Rf8 Qd4 63. Kg1 Qd1+ 64. Kh2 Qf1 0-1

[Event "RUS-ch Men Blitz 2019"]
[Site "Sochi"]
[Date "2019.10.17"]
[Round "9.15"]
[White "Yuffa, Daniil"]
[Black "Ulybin, Mikhail"]
[Result "1-0"]
[ECO "A90"]
[WhiteElo "2577"]
[BlackElo "2455"]
[Annotator "ChessBase"]
[PlyCount "57"]
[EventDate "2019.10.17"]
[EventType "swiss"]
[EventCountry "RUS"]
[SourceTitle "playchess.com"]
[Source "ChessBase"]
[SourceQuality "1"]
[TimeControl "180+2"]

1. d4 e6 2. c4 f5 3. g3 Nf6 4. Bg2 d5 5. Nf3 Bd6 6. O-O c6 7. Qc2 O-O 8. Nc3 Qe7 9. Rb1 b6 10. Ne5 Bb7 11. cxd5 exd5 12. Qxf5 Nfd7 13. Qc2 Nxe5 14. dxe5 Bxe5 15. e4 d4 16. f4 dxc3 17. fxe5 Qc5+ 18. Kh1 Rxf1+ 19. Bxf1 Qxe5 20. Bf4 Qf6 21. Bc4+ Kh8 22. Qxc3 Qxc3 23. bxc3 Nd7 24. e5 Re8 25. Rd1 Nf8 26. Bf7 Re7 27. e6 c5+ 28. Kg1 h6 29. Rd8 1-0

[Event "RUS-ch Men Blitz 2019"]
[Site "Sochi"]
[Date "2019.10.17"]
[Round "9.16"]
[White "Oganian, Miran"]
[Black "Popov, Valerij"]
[Result "1-0"]
[ECO "E04"]
[WhiteElo "2436"]
[BlackElo "2535"]
[Annotator "ChessBase"]
[PlyCount "100"]
[EventDate "2019.10.17"]
[EventType "swiss"]
[EventCountry "RUS"]
[SourceTitle "playchess.com"]
[Source "ChessBase"]
[SourceQuality "1"]
[TimeControl "180+2"]

1. d4 d5 2. c4 e6 3. Nf3 Nf6 4. g3 dxc4 5. Bg2 a6 6. Ne5 Bb4+ 7. Bd2 Qxd4 8. Bxb4 Qxe5 9. Na3 Nc6 10. Bc3 Qc5 11. Qa4 Bd7 12. Qxc4 Qxc4 13. Nxc4 O-O-O 14. Rc1 Rhg8 15. O-O Nd5 16. Bd2 Nd4 17. Rfe1 Bb5 18. e4 Ne7 19. Bf4 Nec6 20. b3 f6 21. Kh1 e5 22. Be3 Nb4 23. a4 Bc6 24. Rb1 Kb8 25. h3 Rd7 26. Kh2 Rgd8 27. Na5 b6 28. Nxc6+ Ndxc6 29. Rec1 Nd4 30. Bf1 Kb7 31. Bc4 c6 32. Kg2 b5 33. Bf1 Nbc2 34. Bd2 Nxb3 35. Rxb3 Rxd2 36. axb5 axb5 37. Rc3 Nd4 38. Ra1 Ra8 39. Rxa8 Kxa8 40. Ra3+ Kb7 41. g4 g5 42. h4 h6 43. h5 c5 44. Ra5 c4 45. Ra3 Rb2 46. Kg1 b4 47. Ra5 c3 48. Bd3 c2 49. Bxc2 Rxc2 50. Rd5 b3 1-0

[Event "RUS-ch Men Blitz 2019"]
[Site "Sochi"]
[Date "2019.10.17"]
[Round "9.17"]
[White "Goltsev, Dmitry"]
[Black "Zakhartsov, Vladimir"]
[Result "0-1"]
[ECO "B85"]
[WhiteElo "2309"]
[BlackElo "2514"]
[Annotator "ChessBase"]
[PlyCount "84"]
[EventDate "2019.10.17"]
[EventType "swiss"]
[EventCountry "RUS"]
[SourceTitle "playchess.com"]
[Source "ChessBase"]
[SourceQuality "1"]
[TimeControl "180+2"]

1. e4 c5 2. Nf3 d6 3. d4 Nf6 4. Nc3 cxd4 5. Nxd4 a6 6. Be2 Nbd7 7. O-O e6 8. a4 b6 9. f3 Bb7 10. Be3 Be7 11. Qd2 O-O 12. Rfd1 Qc7 13. Rac1 Rfe8 14. Bf1 Rad8 15. Qf2 Qb8 16. Nb3 Qc7 17. Rd2 Nc5 18. Rcd1 Nfd7 19. Nd4 Ne5 20. h3 Ncd7 21. Nb3 Rb8 22. f4 Nc4 23. Bxc4 Qxc4 24. e5 d5 25. Bxb6 Nxb6 26. Qxb6 Qxf4 27. Re2 Qc4 28. Rd4 Qc8 29. Qa5 Ba8 30. Nd1 Bd8 31. Qd2 Bb6 32. c3 Ba7 33. Kh2 Rxb3 34. Rg4 g6 35. Qh6 Qc7 36. Rh4 f5 37. Ne3 Qxe5+ 38. Kh1 Qg7 39. Qf4 Bb8 40. Qf1 Rb7 41. Re1 Rbe7 42. Qxa6 Bg3 0-1

[Event "RUS-ch Men Blitz 2019"]
[Site "Sochi"]
[Date "2019.10.17"]
[Round "9.18"]
[White "Tekeyev, Zaur"]
[Black "Potapov, Pavel"]
[Result "0-1"]
[ECO "B31"]
[WhiteElo "2384"]
[BlackElo "2489"]
[Annotator "ChessBase"]
[PlyCount "64"]
[EventDate "2019.10.17"]
[EventType "swiss"]
[EventCountry "RUS"]
[SourceTitle "playchess.com"]
[Source "ChessBase"]
[SourceQuality "1"]
[TimeControl "180+2"]

1. e4 c5 2. Nf3 Nc6 3. Bb5 g6 4. O-O Bg7 5. Re1 Nf6 6. e5 Nd5 7. Nc3 Nc7 8. Bxc6 dxc6 9. Ne4 b6 10. d3 O-O 11. h3 Ne6 12. Be3 f5 13. exf6 exf6 14. Qd2 Re8 15. Bh6 f5 16. Nc3 Bh8 17. Re2 Nd4 18. Nxd4 cxd4 19. Rxe8+ Qxe8 20. Re1 Qf7 21. Ne2 Bd7 22. Qf4 Re8 23. Qc7 Be6 24. Qxc6 Bd5 25. Qa4 Re6 26. Kf1 Qe7 27. Qa3 Qe8 28. Qb4 a5 29. Qd2 Be5 30. b3 Bd6 31. Nxd4 Rxe1+ 32. Qxe1 Bxg2+ 0-1

[Event "RUS-ch Men Blitz 2019"]
[Site "Sochi"]
[Date "2019.10.17"]
[Round "9.19"]
[White "Antipov, Mikhail Al."]
[Black "Skvortsov, Andrei"]
[Result "1-0"]
[ECO "B01"]
[WhiteElo "2567"]
[BlackElo "2139"]
[Annotator "ChessBase"]
[PlyCount "50"]
[EventDate "2019.10.17"]
[EventType "swiss"]
[EventCountry "RUS"]
[SourceTitle "playchess.com"]
[Source "ChessBase"]
[SourceQuality "1"]
[TimeControl "180+2"]

1. e4 d5 2. exd5 Qxd5 3. Nc3 Qd8 4. d4 Nf6 5. Bc4 g6 6. h3 Bg7 7. Nf3 a6 8. a4 O-O 9. O-O Re8 10. Re1 e6 11. Bf4 b6 12. Qe2 Bb7 13. Rad1 Nc6 14. Bg5 Ne7 15. Ne5 Ned5 16. Nxd5 exd5 17. Bd3 Qd6 18. Qf3 c5 19. c3 cxd4 20. cxd4 Re6 21. Qf4 Rae8 22. Re3 Qb4 23. Rde1 Bc8 24. h4 Qf8 25. Qf3 Nd7 1-0

[Event "RUS-ch Men Blitz 2019"]
[Site "Sochi"]
[Date "2019.10.17"]
[Round "9.20"]
[White "Papin, Vasily"]
[Black "Yatzenko, Anton"]
[Result "1-0"]
[ECO "A14"]
[WhiteElo "2481"]
[BlackElo "2383"]
[Annotator "ChessBase"]
[PlyCount "103"]
[EventDate "2019.10.17"]
[EventType "swiss"]
[EventCountry "RUS"]
[SourceTitle "playchess.com"]
[Source "ChessBase"]
[SourceQuality "1"]
[TimeControl "180+2"]

1. c4 e6 2. g3 d5 3. Bg2 Nf6 4. Nf3 Be7 5. O-O O-O 6. b3 dxc4 7. bxc4 c5 8. Nc3 Nc6 9. Bb2 a6 10. Rb1 Qc7 11. e3 Rd8 12. Qe2 b6 13. Ba1 Rb8 14. Ne1 Bb7 15. f4 Na5 16. g4 Bxg2 17. Nxg2 Qd7 18. g5 Ne8 19. Ne4 Qd3 20. Qxd3 Rxd3 21. Rfc1 f5 22. gxf6 gxf6 23. Rc2 Kf7 24. Kf1 Rdd8 25. Ke2 Nd6 26. Nxd6+ Rxd6 27. Ne1 Rg8 28. d3 Bd8 29. Kf1 Nc6 30. Bc3 Ne7 31. Rg2 Nf5 32. Rxg8 Kxg8 33. Ke2 Kf7 34. Nf3 Bc7 35. Nd2 Rd8 36. Ne4 Rg8 37. Kf2 Rg6 38. Rb2 e5 39. Nxc5 exf4 40. exf4 Bxf4 41. Nxa6 Bxh2 42. Kf3 Bg1 43. Nc7 Rg3+ 44. Ke4 Nd6+ 45. Kf4 Rg5 46. Nd5 Bc5 47. Re2 Rf5+ 48. Kg4 Rg5+ 49. Kh3 Nf5 50. Bxf6 Rh5+ 51. Kg4 Kg6 52. Nf4+ 1-0

[Event "RUS-ch Men Blitz 2019"]
[Site "Sochi"]
[Date "2019.10.17"]
[Round "9.21"]
[White "Samusenko, Maksim"]
[Black "Shcherbin, Matvei"]
[Result "1-0"]
[ECO "B40"]
[WhiteElo "2445"]
[BlackElo "2366"]
[Annotator "NA"]
[PlyCount "81"]
[EventDate "2019.10.17"]
[EventType "swiss"]
[EventCountry "RUS"]
[SourceTitle "playchess.com"]
[Source "ChessBase"]
[SourceQuality "1"]
[TimeControl "180+2"]

1. e4 c5 2. Nf3 e6 3. g3 Nc6 4. Bg2 Nf6 5. Qe2 d6 6. O-O Be7 7. Rd1 O-O 8. c3 d5 9. e5 Nd7 10. d4 Rb8 11. dxc5 Bxc5 12. Bf4 b5 13. a3 Nb6 14. Nbd2 Nc4 15. Nb3 Be7 16. Nbd4 Nxd4 17. cxd4 Bd7 18. h4 h6 19. Nh2 Rc8 20. Rab1 f5 21. exf6 Bxf6 22. Nf3 Re8 23. Rbc1 Qb6 24. Ne5 Nxe5 25. Bxe5 Bxe5 26. Qxe5 Rc4 27. b3 Rc6 28. Rxc6 Qxc6 29. b4 Qc2 30. Re1 Rf8 31. f4 Rc8 32. Bxd5 exd5 33. Qxd5+ Kh7 34. Qxd7 Rc3 35. Qg4 Qd3 36. Kh2 Rxa3 37. f5 Qd2+ 38. Re2 Qxb4 39. Qg6+ Kg8 40. Re8+ Qf8 41. Qe6+ 1-0

[Event "RUS-ch Men Blitz 2019"]
[Site "Sochi"]
[Date "2019.10.17"]
[Round "9.22"]
[White "Vastrukhin, Oleg"]
[Black "Nuristani, Iman"]
[Result "1-0"]
[ECO "A08"]
[WhiteElo "2428"]
[BlackElo "2224"]
[Annotator "NA"]
[PlyCount "52"]
[EventDate "2019.10.17"]
[EventType "swiss"]
[EventCountry "RUS"]
[SourceTitle "playchess.com"]
[Source "ChessBase"]
[SourceQuality "1"]
[TimeControl "180+2"]

1. g3 Nf6 2. Bg2 e6 3. Nf3 d5 4. O-O Be7 5. d3 O-O 6. Nbd2 c5 7. e4 Nc6 8. Re1 b5 9. e5 Ne8 10. h4 f6 11. exf6 Bxf6 12. c4 bxc4 13. dxc4 Nc7 14. Nb3 Na6 15. Ng5 Nd4 16. Be3 h6 17. Bxd4 hxg5 18. Bxf6 Qxf6 19. hxg5 Qxf2+ 20. Kh2 Bb7 21. Rf1 Qxb2 22. Rb1 Qe5 23. Qh5 Rf5 24. Rbe1 Qc3 25. Rxf5 exf5 26. Re7 dxc4 1-0